 Dungeon Crawl Stone Soup version 0.19.1-1-g22dce08 (webtiles) character file.

970 pib the Magician (level 7, -1/36 HPs)
             Began as a Deep Elf Conjurer on Dec 29, 2016.
             Was a Follower of Vehumet.
             Killed from afar by an orc wizard (9 damage)
             ... with a puff of flame
             ... on level 6 of the Dungeon on Jan 6, 2017.
             The game lasted 00:27:37 (5896 turns).

pib the Magician (Deep Elf Conjurer)                Turns: 5896, Time: 00:27:37

Health: -1/36      AC:  3    Str:  5    XL:     7   Next: 94%
Magic:  15/19      EV: 13    Int: 22    God:    Vehumet [*.....]
Gold:   42         SH:  0    Dex: 15    Spells: 5 memorised, 6 levels left

rFire  . . .     SeeInvis .     C - +1 trident (freeze)
rCold  . . .     Gourm    .     a - +0 robe
rNeg   . . .     Faith    .     (no shield)
rPois  .         Spirit   .     n - +0 helmet
rElec  .         Reflect  .     (no cloak)
rCorr  .         Harm     .     (no gloves)
MR     .....                    (no boots)
Stlth  +.........               (no amulet)
                                (no ring)
                                v - ring of flight

@: confused
A: no striking features
a: Renounce Religion, Evoke Flight


You were on level 6 of the Dungeon.
You worshipped Vehumet.
Vehumet was aware of your devotion.
You were not hungry.

You visited 1 branch of the dungeon, and saw 6 of its levels.

You collected 102 gold pieces.
You spent 60 gold pieces at shops.

Inventory:

Hand Weapons
 u - a +1 hand axe of flaming
 C - a +1 trident of freezing (weapon)
Armour
 a - a +0 robe (worn)
 n - a +0 helmet (worn)
Jewellery
 v - a ring of flight (left hand)
Wands
 m - a wand of disintegration (17/24)
Scrolls
 e - 4 scrolls of identify
 h - 2 scrolls of remove curse
 k - a scroll of immolation
 t - a scroll of enchant armour {unknown}
 w - a scroll of recharging {unknown}
 B - a scroll of blinking {unknown}
Potions
 d - a potion of flight {unknown}
 f - a potion of cancellation {unknown}
 g - a potion of heal wounds
 i - 5 potions of curing
 l - a potion of berserk rage {unknown}
 p - 2 potions of mutation {unknown}
 q - a potion of brilliance {unknown}
 s - a potion of haste {unknown}
 x - a potion of lignification {unknown}
 z - a potion of cure mutation {unknown}
 A - a potion of ambrosia {unknown}
Books
 b - a book of Conjurations

   Spells                             Type                      Level
   a - Magic Dart                     Conjuration                  1
   b - Searing Ray                    Conjuration                  2
   c - Dazzling Spray                 Conjuration/Hexes            3
   d - Fulminant Prism                Conjuration/Hexes            4
   e - Iskenderun's Mystic Blast      Conjuration                  4
   f - Iskenderun's Battlesphere      Conjuration/Charms           5
 y - a book of Geomancy

   Spells                             Type                      Level
   a - Sandblast                      Earth                        1
   b - Passwall                       Transmutation/Earth          2
   c - Stone Arrow                    Conjuration/Earth            3
   d - Petrify                        Transmutation/Earth          4
   e - Lee's Rapid Deconstruction     Earth                        5
Comestibles
 c - a bread ration
 j - a meat ration
 r - a slice of pizza


   Skills:
 - Level 2.4 Dodging
 - Level 2.4 Stealth
 + Level 7.3 Spellcasting
 + Level 7.0 Conjurations
 - Level 4.2 Hexes
 - Level 6.3 Charms


You had 6 spell levels left.
You knew the following spells:

 Your Spells              Type           Power        Failure   Level  Hunger
a - Magic Dart            Conj           ####         1%          1    None
b - Searing Ray           Conj           #####.       1%          2    None
c - Dazzling Spray        Conj/Hex       ####..       2%          3    None
d - Iskenderun's Battles  Conj/Chrm      #####...     14%         5    #####..
e - Stone Arrow           Conj/Erth      ###...       8%          3    None


Dungeon Overview and Level Annotations

Branches:
Dungeon (6/15)
 Temple: D:4-7

Altars:
Fedhas
Gozag
Ru
Vehumet

Shops:
D:5 !

Annotations:
D:3 Quirk's ghost, amateur DsFi
D:4 Menkaure
D:5 Edmund; Prince Ribbit


Message History

Confirm with . or Enter, or press ? or * to list all spells.
Okay, then.
The orc wizard casts a spell at you.
You are confused.
You bump into the rock wall.
You bump into the rock wall.
You bump into the rock wall.
The orc wizard shouts!
You're too confused to move!
The orc shouts!
The orc warrior hits you from afar with a glaive of freezing!!
Ouch! That really hurt!
The orc warrior freezes you!
* * * LOW HITPOINT WARNING * * *
The orc wizard closely misses you.
You're too confused to move!
The orc wizard shouts!
The orc wizard points at you and mumbles some strange words.
The puff of flame hits you!
You die...

#.#....#..#.#..#.####.#.#
#.#....# #.#.........#
######.#....####.#.....#####
.......#....##.....#<..#
.......#...###.#.#..#..#
...<...#...###.#.#.....#
...............#.##...##
...(...##......#.###..#
.......#######.#@# #....
.......# #o# #..###
.......#######+#o# ..#
..##+#...........# ..
#...........# #. ........o#
........o. ........o..
........##.#


You could see an orc warrior, 3 orc wizards and an orc.

Vanquished Creatures
  An ice beast (D:5)
  3 ogres
  2 bullfrog zombies (D:5)
  2 jellies
  3 hounds (D:5)
  3 orc priests
  Ijyb (D:3)
  Terence (D:3)
  3 orc wizards
  A worker ant (D:5)
  A worker ant zombie (D:5)
  3 gnolls (D:2)
  2 adders
  An ooze (D:3)
  2 worms
  A dart slug (D:1)
  3 leopard geckos
  10 orcs
  2 ball pythons
  7 giant cockroaches
  11 goblins
  6 hobgoblins
  6 jackals
  11 kobolds
  7 bats
  6 frilled lizards
  A giant cockroach zombie (D:5)
  A jackal skeleton (D:5)
  A quokka skeleton (D:6)
  A quokka zombie (D:5)
  4 rats
107 creatures vanquished.

Notes
Turn   | Place    | Note
-------+----------+-------------------------------------------
     0 | D:1      | pib the Deep Elf Conjurer began the quest for the Orb.
     0 | D:1      | Reached XP level 1. HP: 10/10 MP: 6/6
   189 | D:1      | Reached XP level 2. HP: 15/15 MP: 3/8
   728 | D:1      | Learned a level 2 spell: Searing Ray
   864 | D:1      | Reached XP level 3. HP: 19/19 MP: 7/10
  1079 | D:2      | Learned a level 3 spell: Dazzling Spray
  1086 | D:2      | Reached skill level 5 in Conjurations
  1091 | D:2      | Found an opulent altar of Gozag.
  1269 | D:2      | Noticed Terence
  1556 | D:2      | Reached XP level 4. HP: 24/24 MP: 5/12
  1774 | D:2      | Found a blossoming altar of Fedhas.
  1817 | D:2      | Reached skill level 5 in Spellcasting
  2172 | D:3      | Killed Terence
  2172 | D:3      | Reached XP level 5. HP: 19/28 MP: 4/15
  2182 | D:3      | Learned a level 5 spell: Iskenderun's Battlesphere
  2557 | D:3      | Reached skill level 1 in Charms
  2660 | D:3      | Found a radiant altar of Vehumet.
  2719 | D:3      | Became a worshipper of Vehumet
  3033 | D:3      | Noticed Quirk's ghost (amateur DsFi)
  3317 | D:3      | Reached XP level 6. HP: 32/32 MP: 11/16
  3391 | D:3      | Noticed Ijyb
  3405 | D:3      | Killed Ijyb
  3583 | D:4      | Noticed Menkaure
  3922 | D:5      | Entered Level 5 of the Dungeon
  4143 | D:5      | Found Xoell's Distillery.
  4148 | D:5      | Bought a potion of heal wounds for 60 gold pieces
  4177 | D:5      | Reached skill level 5 in Charms
  4310 | D:5      | Noticed Prince Ribbit
  4686 | D:5      | Reached XP level 7. HP: 36/36 MP: 10/18
  4978 | D:5      | Reached * piety under Vehumet
  4978 | D:5      | Offered knowledge of Flame Tongue by Vehumet.
  4983 | D:5      | Reached skill level 1 in Hexes
  5066 | D:5      | Found a sacrificial altar of Ru.
  5143 | D:5      | Learned a level 3 spell: Stone Arrow
  5364 | D:5      | Noticed Edmund
  5896 | D:6      | Killed from afar by an orc wizard

Skill      XL: |  1  2  3  4  5  6  7 |
---------------+----------------------+-----
Spellcasting   | 4 5 6 7 |  7.3
Conjurations   | 5 6 7 |  7.0
Charms         | 3 5 6 |  6.3
Hexes          | 4 |  4.2
Dodging        | |  2.4
Stealth        | |  2.4

Action                   |  1- 3 |  4- 6 |  7- 9 || total
-------------------------+-------+-------+-------++-------
Melee: Trident           |       |       |     2 ||     2
 Cast: Magic Dart        |    99 |    81 |    46 ||   226
       Searing Ray       |       |    13 |     3 ||    16
       Dazzling Spray    |       |    16 |    18 ||    34
  Use: Scroll            |       |     5 |     4 ||     9
       Potion            |       |       |     1 ||     1
  Eat: Chunk             |     2 |     6 |     3 ||    11
       Bread ration      |       |     1 |       ||     1
Armor: Robe              |       |     3 |     3 ||     6
Dodge: Dodged            |    12 |    15 |    14 ||    41
